 Dungeon Crawl Stone Soup version 0.13.1-22-g086cdba (webtiles) character file.

1608 Kae the Martial Artist (level 8, -3/60 HPs)
             Began as a Black Draconian Transmuter on Dec 31, 2013.
             Was an Initiate of Sif Muna.
             Slain by an orc warrior
             ... wielding a +0,+0 orcish hand axe
              (15 damage)
             ... on Level 6 of the Dungeon.
             The game lasted 00:10:38 (7204 turns).

Kae the Martial Artist (Black Draconian Transmuter) Turns: 7204, Time: 00:10:38

HP  -3/60        AC  6     Str 12      XL: 8   Next: 38%
MP  12/12        EV 12     Int 15      God: Sif Muna [......]
Gold 237         SH  0     Dex 14      Spells:  3 memorised,  5 levels left

Res.Fire  : . . .   See Invis. : .     - Unarmed
Res.Cold  : . . .   Warding    : .   (armour unavailable)
Life Prot.: . . .   Conserve   : .   (no shield)
Res.Poison: .       Res.Corr.  : .   u - +0 wizard hat
Res.Elec. : +       Clarity    : .   (no cloak)
Sust.Abil.: . .     Spirit.Shd : .   (no gloves)
Res.Mut.  : .       Stasis     : .   (boots unavailable)
Res.Rott. : .       Flight     : .   (no amulet)
Saprovore : . . .                    (no ring)
                                     j - +1 ring of dexterity

@: appendage, slightly resistant to hostile enchantments, unstealthy
A: breathe lightning, unfitting armour, talons 3, electricity resistance, AC +6
a: Breathe Lightning, End Transformation, Renounce Religion


You were on level 6 of the Dungeon.
You worshipped Sif Muna.
Sif Muna was noncommittal.
You were not hungry.
You had grown temporary talons.
You visited 1 branch of the dungeon, and saw 6 of its levels.

You collected 217 gold pieces.

Inventory:

Missiles
 b - 47 arrows
 i - 6 arrows of frost
Armour
 u - a +0 wizard hat (worn)
Comestibles
 a - 3 bread rations
 f - 2 apples
 h - a slice of pizza
 n - a pear
 v - 2 chunks of orc flesh
 w - 2 chunks of orc flesh
Scrolls
 c - a scroll of teleportation {unknown}
 e - a scroll of curse armour {unknown}
 g - 2 scrolls of remove curse {unknown}
 l - a scroll of recharging {unknown}
 p - 2 scrolls of enchant weapon I
 q - a scroll of blinking
 s - a scroll of fear {unknown}
Jewellery
 j - a +1 ring of dexterity (left hand)
Potions
 k - 4 potions of curing
 m - 2 potions of magic {unknown}
 o - a potion of heal wounds {unknown}
 r - a potion of degeneration {unknown}
 t - 2 potions of agility {unknown}
Books
 d - a book of Changes

   Spells                             Type                      Level
   *Beastly Appendage                 Transmutation                1
   *Sticks to Snakes                  Transmutation                2
   *Spider Form                       Transmutation/Poison         3
   Ice Form                           Ice/Transmutation            4
   Blade Hands                        Transmutation                5


   Skills:
 - Level 1.1 Fighting
 - Level 1.7 Dodging
 * Level 8.9 Unarmed Combat
 - Level 2.0 Spellcasting
 + Level 6.4 Transmutations


You had 5 spell levels left.
You knew the following spells:

 Your Spells              Type           Power        Failure   Level  Hunger
a - Beastly Appendage     Trmt           ###...       1%          1    #......
b - Sticks to Snakes      Trmt           ###.......   2%          2    ###....
c - Spider Form           Trmt/Pois      ##........   21%         3    ####...


Dungeon Overview and Level Annotations

Branches:
Dungeon (6/27)             Temple (0/1) D:6
    Orc: D:6-11

Altars:
Ashenzari
Cheibriados
Sif Muna

Annotations:
D:4 Kae's ghost, average DrTm; Menkaure
D:5 1 exclusion


Innate Abilities, Weirdness & Mutations

You can breathe wild blasts of lightning.*
Your glossy black scales are hard (AC +6).*
Your body does not fit into most forms of armour.
Your cold-blooded metabolism reacts poorly to cold.
You are resistant to electric shocks.*
You have claws for feet.*


Message History

You closely miss the orc warrior. You claw the orc warrior.
The orc warrior is moderately wounded.
The orc warrior closely misses you.
You hit the orc warrior. You claw the orc warrior.
The orc warrior is heavily wounded.
The orc warrior hits you with an orcish hand axe.
* * * LOW HITPOINT WARNING * * *
You hit the orc warrior.
The orc warrior is severely wounded.
The orc misses you.
You hit the orc warrior. Your kick misses the orc warrior.
The orc warrior is severely wounded.
The orc warrior hits you with an orcish hand axe!
* * * LOW HITPOINT WARNING * * *
The orc closely misses you.
You hit the orc warrior. Your kick misses the orc warrior.
Your tail-slap misses the orc warrior.
The orc warrior is almost dead.
The orc warrior hits you with an orcish hand axe!
You die...

#######............ #............
###............
######............##
##.......).........##
###...................# ########
#.).......#.......#....
#......####)...o....#..>.........
#......##..%..oo@####............
#..ยงยงยง.##..o######.
............#
.................................
................... ..... .......
.>...............................
.................................
..............................)..
.................................
.................................


You could see an orc warrior and 3 orcs.

Vanquished Creatures
  The ghost of Kae the Insei, an average DrTm (D:3)
  A phantom (D:3)
  A sky beast (D:5)
  An ogre (D:5)
  A centaur (D:5)
  Blork the orc (D:6)
  A goliath beetle (D:6)
  2 crimson imps
  6 hounds
  2 orc priests
  A jelly (D:5)
  2 orc wizards
  An iguana (D:3)
  2 worker ants
  Ijyb (D:6)
  11 adders
  7 gnolls
  2 giant mites
  2 giant geckos
  3 oozes
  20 orcs
  15 hobgoblins
  2 ball pythons
  17 bats
  4 giant cockroaches
  A giant gecko zombie (D:5)
  4 giant newts
  14 goblins
  9 kobolds
  4 quokkas
  11 rats
150 creatures vanquished.

Vanquished Creatures (others)
  An orc wizard (D:5)
  2 fungi (D:3)
3 creatures vanquished.

Grand Total: 153 creatures vanquished

Notes
Turn   | Place    | Note
--------------------------------------------------------------
     0 | D:1      | Kae, the Draconian Transmuter, began the quest for the Orb.
     0 | D:1      | Reached XP level 1. HP: 16/16 MP: 1/1
   196 | D:1      | Reached XP level 2. HP: 20/23 MP: 3/3
   747 | D:2      | Reached XP level 3. HP: 19/28 MP: 2/4
   991 | D:2      | Reached skill level 4 in Unarmed Combat
  1291 | D:3      | Reached XP level 4. HP: 32/35 MP: 6/6
  1461 | D:3      | Noticed Kae's ghost (average DrTm)
  1481 | D:3      | Killed Kae's ghost
  1481 | D:3      | Reached skill level 5 in Unarmed Combat
  1481 | D:3      | Reached XP level 5. HP: 5/40 MP: 7/7
  1821 | D:3      | Found a snail-covered altar of Cheibriados.
  1856 | D:3      | Found a shattered altar of Ashenzari.
  1861 | D:3      | Saw a vision of the Swamp and the Snake Pit.
  1861 | D:3      | Noticed an alligator
  1861 | D:3      | Noticed a raven
  1861 | D:3      | Noticed a swamp drake
  1861 | D:3      | Noticed an alligator
  1861 | D:3      | Noticed a water moccasin
  1861 | D:3      | Noticed a black mamba
  1861 | D:3      | Noticed a water moccasin
  1861 | D:3      | Noticed a water moccasin
  1861 | D:3      | Noticed a water moccasin
  1861 | D:3      | Noticed a water moccasin
  1861 | D:3      | Noticed a water moccasin
  1862 | D:3      | Noticed a baby alligator
  1862 | D:3      | Noticed a baby alligator
  1862 | D:3      | Noticed an anaconda
  1864 | D:3      | Noticed an alligator
  1865 | D:3      | Noticed a baby alligator
  2004 | D:3      | Reached XP level 6. HP: 41/47 MP: 9/9
  2857 | D:3      | Reached skill level 6 in Unarmed Combat
  3309 | D:4      | Your scales start taking on a glossy black colour.
  3309 | D:4      | Gained mutation: You are resistant to electric shocks. [draconian maturity]
  3309 | D:4      | Reached XP level 7. HP: 4/52 MP: 10/10
  3531 | D:4      | Noticed Menkaure
  3564 | D:4      | Noticed Kae's ghost (average DrTm)
  3880 | D:4      | Reached skill level 5 in Transmutations
  4272 | D:5      | Entered Level 5 of the Dungeon
  4363 | D:4      | Reached skill level 7 in Unarmed Combat
  4913 | D:5      | Reached skill level 8 in Unarmed Combat
  5180 | D:5      | Reached XP level 8. HP: 56/60 MP: 10/12
  5291 | D:5      | Found a deep blue altar of Sif Muna.
  5313 | D:5      | Became a worshipper of Sif Muna the Loreminder
  6094 | D:6      | Noticed Blork the orc
  6149 | D:6      | Noticed Ijyb
  6159 | D:6      | Killed Ijyb
  6467 | D:5      | Learned a level 2 spell: Sticks to Snakes
  6471 | D:5      | Learned a level 3 spell: Spider Form
  6485 | D:6      | Killed Blork the orc
  6850 | D:6      | Found a staircase to the Ecumenical Temple.
  7204 | D:6      | Slain by an orc warrior

Action                   |  1- 3 |  4- 6 |  7- 9 || total
-------------------------+-------+-------+-------++-------
Melee: Unarmed           |   142 |   231 |   288 ||   661
 Cast: Beastly Appendage |     1 |     9 |    24 ||    34
       Spider Form       |       |       |     1 ||     1
  Use: Potion            |       |     2 |     1 ||     3
       Scroll            |       |       |     8 ||     8
